 Dungeon Crawl Stone Soup version 0.30-a0-465-g8901f6c8b5 (webtiles) character file.

Game seed: 5196303302325539251

31 kurumiz the Poker (level 3, -7/36 HPs)
             Began as an Ogre Gladiator on Dec 17, 2022.
             Killed from afar by Sigmund (12 damage)
             ... with a magic dart
             ... on level 2 of the Dungeon on Dec 18, 2022.
             The game lasted 00:02:53 (976 turns).

kurumiz the Poker (Ogre Gladiator)                   Turns: 976, Time: 00:02:54

Health: -7/36      AC:  3    Str: 20    XL:     3   Next: 22%
Magic:  3/3        EV: 10    Int:  9    God:
Gold:   12         SH:  0    Dex: 10    Spells: 2/2 levels left

rFire   . . .      SeeInvis .    a - +0 trident
rCold   . . .      Faith    .    (no shield)
rNeg    . . .      Spirit   .    b - +0 robe
rPois   .          Reflect  .    c - +0 hat
rElec   .          Harm     .    (no cloak)
rCorr   .          Rampage  .    (gloves unavailable)
Will    .....                    (boots unavailable)
Stlth   +.........               (no amulet)
HPRegen 0.26/turn                (no ring)
MPRegen 0.08/turn                (no ring)

@: no status effects
A: large, unfitting armour, tough skin 1
a: no special abilities


You were on level 2 of the Dungeon.
You visited 1 branch of the dungeon, and saw 2 of its levels.

You collected 12 gold pieces.

Inventory:

Hand Weapons
 a - a +0 trident (weapon)
Missiles
 d - 3 throwing nets (quivered)
 e - 7 large rocks
Armour
 b - a +0 robe (worn)
 c - a +0 hat (worn)
Jewellery
 f - an amulet of faith
 m - an amulet of magic regeneration
Scrolls
 g - 2 scrolls of poison {unknown}
 h - a scroll of enchant weapon {unknown}
 i - a scroll of fear {unknown}
 j - a scroll of teleportation {unknown}
 l - a scroll of enchant armour {unknown}
 n - a scroll of blinking {unknown}
Potions
 k - a potion of haste {unknown}


   Skills:
 + Level 2.7 Fighting
 + Level 3.7 Polearms
 + Level 2.1 Throwing
 + Level 3.1 Dodging
 + Level 0.1 Stealth


You had 2 spell levels left.
You didn't know any spells.
Your spell library was empty.

Dungeon Overview and Level Annotations

Branches:
Dungeon (2/15)

Altars:

Annotations:
D:2 Sigmund


Innate Abilities, Weirdness & Mutations

You are too large for most types of armour.
You have tough skin. (AC +1)


Message History

The quokka moves out of view.
A quokka is nearby!
A quokka is nearby!
Sigmund the Dreaded comes into view.
He is wielding a +2 scythe of venom.
You reach to attack!
You completely miss the quokka.
Sigmund shouts!
Sigmund gestures at you while chanting. The magic dart hits you.
The quokka bites you but does no damage.
You hit the quokka but do no damage. The quokka barely misses you.
You hit the quokka.
The quokka is heavily wounded.
The quokka barely misses you.
You hit the quokka.
The quokka is severely wounded.
The quokka barely misses you.
The quokka bites you but does no damage.
You hit the quokka.
You kill the quokka!
Sigmund casts a spell at you. The puff of flame hits you!
Sigmund hits you from afar with a +2 scythe of venom.
You are poisoned.
You feel very sick.
You feel sick.
You feel sick.
You feel sick. Sigmund casts a spell at you. You resist with some effort.
You feel sick.
You feel sick.
You feel sick.
You feel sick.
You are no longer poisoned.
Sigmund casts a spell at you. The magic dart hits you!
* * * LOW HITPOINT WARNING * * *
Sigmund gestures at you while chanting. The magic dart hits you!
You die...

####.........#
#..........
#..........
#.@........
#.#####.######..
................
..#####.######..
#.# #@# #.# #.# #.#
.########.#####
..............#
..............####.
..............#...
..................#


You could see Sigmund.

Vanquished Creatures
  A dart slug (D:1)
  5 bats
  2 endoplasms (D:2)
  2 giant cockroaches
  A hobgoblin (D:1)
  3 quokkas
  4 ball pythons
  A frilled lizard (D:1)
  2 goblins (D:1)
  3 kobolds (D:1)
  2 rats (D:1)
26 creatures vanquished.

Notes
Turn   | Place    | Note
-------+----------+-------------------------------------------
     0 | D:1      | kurumiz the Ogre Gladiator began the quest for the Orb.
     0 | D:1      | Reached XP level 1. HP: 22/22 MP: 1/1
   106 | D:1      | Reached XP level 2. HP: 28/29 MP: 2/2
   417 | D:1      | Found a faded altar of an unknown god.
   861 | D:2      | Reached XP level 3. HP: 36/36 MP: 3/3
   960 | D:2      | Noticed Sigmund
   976 | D:2      | Killed from afar by Sigmund

Illustrated notes

Levels and vault maps discovered:
D:1:      giann_wishing_wells, layout_loops_ring,
          shapermc_ecumenical_altar_mp_urbaneastern, minivault_26,
          chequers_serial_rivers_large_b, minmay_tree_intersection
D:2:      layout_basic, basic_altar, uniq_sigmund

Skill      XL: |  1  2 |
---------------+-------+-----
Dodging        | 3 |  3.1
Fighting       | |  2.7
Polearms       | |  3.7
Throwing       | |  2.1
Stealth        | |  0.1

Action                   || total
-------------------------++-------
Melee: Trident           ||    72
 Stab: Sleeping          ||     3
Armor: Robe              ||    15
Dodge: Dodged            ||    33

Table legend: (Time is in decaauts)
 A = Elapsed time spent in this place.
 B = Non-inter-level travel time spent in this place.
 C = Inter-level travel time spent in this place.
 D = Time resting spent in this place.
 E = Time spent auto-exploring this place.
 F = Levels seen in this place.
 G = Mean time per level.
                   A        B        C        D        E       F      G
               +--------+--------+--------+--------+--------+-----+--------+
         Total |    984 |    896 |     88 |      0 |    731 |   2 |  492.0 |
       Dungeon |    984 |    896 |     88 |      0 |    731 |   2 |  492.0 |
               +--------+--------+--------+--------+--------+-----+--------+

Top non-repeatable levels by time:
     D:1: 846 daAuts
     D:2: 138 daAuts
